 Dungeon Crawl Stone Soup version 0.27.1 (webtiles) character file.

Game seed: 13225105084843168952

7 shadowrider38 the Ducker (level 2, 0/21 HPs)
             Began as an Octopode Berserker on Aug 26, 2021.
             Was a Follower of Trog.
             Slain by a ball python (2 damage)
             ... on level 1 of the Dungeon.
             The game lasted 00:00:29 (249 turns).

shadowrider38 the Ducker (Octopode Berserker)        Turns: 249, Time: 00:00:30

Health: 0/21       AC:  1    Str: 16    XL:     2   Next: 4%
Magic:  2/2        EV: 10    Int:  9    God:    Trog [*.....]
Gold:   0          SH:  0    Dex: 11    Spells: 1/1 levels left

rFire    . . .     SeeInvis .   a - +0 hand axe
rCold    . . .     Faith    .   (no shield)
rNeg     . . .     Spirit   .   (helmet restricted)
rPois    .         Reflect  .   (no amulet)
rElec    .         Harm     .   (no ring)
rCorr    .         Rampage  .   (no ring)
Will     .....                  (no ring)
Stlth    ++........             (no ring)
HPRegen  0.07/turn              (no ring)
MPRegen  0.08/turn              (no ring)
                                (no ring)
                                (no ring)

@: constricted
A: almost no armour, amphibious, 8 rings, camouflage 1, gelatinous body 1,
(nimble swimmer 1), tentacles
a: Renounce Religion, Berserk


You were on level 1 of the Dungeon.
You worshipped Trog.
Trog was aware of your devotion.
You visited 1 branch of the dungeon, and saw 1 of its levels.

Inventory:

Hand Weapons
 a - a +0 hand axe (weapon)
Scrolls
 b - a scroll of amnesia {unknown}
 c - a scroll of summoning {unknown}


   Skills:
 + Level 3.2 Fighting
 + Level 3.0 Axes
 + Level 3.2 Dodging


You had one spell level left.
You didn't know any spells.
Your spell library was empty.

Dungeon Overview and Level Annotations

Branches:
Dungeon (1/15)

Altars:


Innate Abilities, Weirdness & Mutations

You cannot wear most types of armour.
You are amphibious.
You can wear up to eight rings at the same time.
Your skin changes colour to match your surroundings (Stealth+).
Your rubbery body absorbs attacks. (AC +1, EV +1)
((You are camouflaged near water. (Stealth+)))
You have tentacles for arms and can constrict up to eight enemies at once.


Message History

A jackal is nearby!
You start waiting.
A jackal is nearby!
The jackal barks!
You hear an angry hiss.
The jackal closely misses you. The jackal bites you.
You hit the jackal. You grab the jackal.
The jackal is severely wounded.
You constrict the jackal.
You kill the jackal!
Trog accepts your kill.
A jackal comes into view.
The jackal moves out of view.
A ball python comes into view.
The jackal barely misses you.
You hit the jackal.
You kill the jackal!
Trog accepts your kill.
You have reached level 2!
The ball python closely misses you. x2
The ball python barely misses you. x2
The ball python bites you. The ball python grabs you.
The ball python constricts you. The ball python bites you.
The ball python constricts you. The ball python barely misses you.
The ball python constricts you. The ball python bites you.
The ball python constricts you.
The ball python bites you but does no damage.
The ball python constricts you. The ball python barely misses you.
The ball python constricts you. The ball python closely misses you.
The ball python constricts you. The ball python closely misses you.
The ball python constricts you. The ball python bites you.
* * * LOW HITPOINT WARNING * * *
The ball python constricts you.
* * * LOW HITPOINT WARNING * * *
The ball python bites you.
* * * LOW HITPOINT WARNING * * *
The ball python constricts you.
* * * LOW HITPOINT WARNING * * *
The ball python bites you.
You die...

##.#### ..... .....
.... #..# #.. #†# #@#
.#
#.###S##############.#
#..................#.#
#####.############.#.#
.... #.#.# ###.##
#.... #.# #.... #.#
#######... #.#
#.........


You could see a ball python.

Vanquished Creatures
  A ball python (D:1)
  3 jackals (D:1)
  A quokka (D:1)
  A rat (D:1)
6 creatures vanquished.

Notes
Turn   | Place    | Note
-------+----------+-------------------------------------------
     0 | D:1      | shadowrider38 the Octopode Berserker began the quest for
                  | the Orb.
     0 | D:1      | Reached XP level 1. HP: 16/16 MP: 1/1
   238 | D:1      | Reached XP level 2. HP: 21/21 MP: 2/2
   249 | D:1      | Slain by a ball python

Illustrated notes

Levels and vault maps discovered:
D:1:      kennysheep_arrival_forest, layout_basic, minmay_misc_feat_alley,
          hex_tiny, chequers_garden, chequers_mini_garden,
          chequers_serial_rivers_room_b

Action                   || total
-------------------------++-------
Melee: Hand axe          ||    14
       Constrict         ||     4
       Tentacles         ||     1
Armor: Skin              ||     2
Dodge: Dodged            ||    19
